Map: Dusk Towers

Players

MorN

  • Race: Terran Terran
  • League: Master

Apocalypse - Winner!

  • Race: Protoss Protoss
  • League: Master

VOD

Have the link to the VOD?

Description

Time

  • Played on: Dec. 2, 2015, 10:15 p.m.
  • Length: 19:39
Show
View Real Time Build Order
Export as new Build Order

MorN Terran 

Build Orders: Cyclone Opening, MMM Bio 

Get SALT Encoding   

  12  0:00  SCV  
  13  0:13  SCV  
  14  0:17  Supply Depot  
  14  0:25  SCV  
  15  0:38  SCV  
  15  0:40  Barracks  
  16  0:44  Refinery  
  16  0:51  SCV  
  17  1:03  SCV  
  18  1:15  SCV  
  19  1:27  Orbital Command, Marine  
  20  1:41  Command Center  
  20  1:51  Factory  
  20  2:00  Supply Depot  
  20  2:02  Marine  
  20  2:05  SCV  
  22  2:17  SCV  
  22  2:21  Marine  
  24  2:29  SCV  
  25  2:36  Factory Tech Lab, Barracks  
  25  2:41  SCV  
  25  2:43  Marine  
  27  2:53  Orbital Command  
  27  2:54  SCV  
  27  2:56  Cyclone, Refinery  
  31  3:05  Marine  
  32  3:06  SCV  
  33  3:18  SCV  
  34  3:26  Barracks  
  34  3:30  SCV  
  35  3:34  Factory Reactor  
  35  3:35  Marine  
  35  3:36  SCV, Stimpack  
  35  3:37  Marine  
  38  3:42  SCV  
  39  3:48  SCV  
  39  3:52  Command Center  
  39  3:53  Marine  
  39  3:54  SCV  
  39  3:55  Marine  
  42  4:00  SCV  
  44  4:05  Refinery  
  44  4:06  SCV  
  44  4:08  Engineering Bay  
  45  4:12  SCV  
  45  4:17  Starport  
  46  4:19  Factory Reactor  
  46  4:24  Barracks Tech Lab  
  46  4:25  Supply Depot  
  46  4:39  Terran Infantry Weapons Level 1  
  46  4:45  Supply Depot, Refinery  
  46  4:47  SCV x2, Marauder x2, Marine x2  
  54  5:03  SCV x2, Factory Reactor  
  54  5:04  Medivac  
  54  5:05  Orbital Command, Medivac  
  60  5:11  Marauder  
  62  5:14  Supply Depot  
  62  5:15  SCV  
  62  5:16  SCV  
  62  5:19  Marine  
  65  5:26  Marauder  
  65  5:28  SCV x2  
  69  5:32  Supply Depot, SCV  
  69  5:35  Marauder  
  72  5:36  Combat Shields  
  72  5:38  Concussive Shells  
  72  5:40  SCV x2  
  71  5:44  SCV  
  69  5:56  Orbital Command  
  68  6:03  Marine, Medivac x2  
  68  6:04  Marauder x2, Marine  
  78  6:14  SCV x2  
  80  6:26  SCV x2, Barracks, Marauder  
  80  6:27  Barracks  
  80  6:28  SCV  
  85  6:34  Marauder  
  85  6:37  Widow Mine, Medivac x2  
  93  6:46  Supply Depot  
  93  6:48  Supply Depot  
  93  6:49  SCV  
  93  6:50  SCV x2, Marine x2  
  88  7:01  Liberator  
  86  7:02  SCV x2  
  86  7:05  Marine x2  
  86  7:06  Widow Mine  
  86  7:07  SCV, Widow Mine  
  86  7:08  Liberator  
  95  7:14  SCV x2  
  95  7:15  Barracks Tech Lab  
  97  7:16  Barracks Reactor  
  97  7:19  SCV  
  97  7:21  Refinery  
  97  7:22  Supply Depot  
  101  7:23  Marauder x2  
  101  7:24  Supply Depot  
  101  7:26  SCV  
  109  7:34  Terran Infantry Armor Level 1  
  109  7:38  Refinery  
  109  7:41  Supply Depot  
  109  7:43  SCV x3, Widow Mine x2  
  115  7:45  Marauder  
  109  7:55  SCV  
  109  7:56  SCV  
  95  8:07  Marauder x2, Marine x4  
  95  8:08  Marauder  
  105  8:14  Widow Mine x2  
  105  8:15  Medivac  
  105  8:16  Medivac  
  105  8:17  Engineering Bay  
  105  8:18  Armory  
  113  8:20  Command Center  
  113  8:22  Supply Depot x2  
  113  8:25  Marine x3  
  116  8:29  SCV x2, Marauder x2  
  116  8:31  Starport  
  116  8:32  SCV  
  116  8:34  Supply Depot, Marine  
  124  8:41  SCV  
  125  8:48  Marine x2  
  125  8:49  Medivac, Marauder  
  125  8:50  Marauder, Widow Mine x2, Medivac  
  125  8:53  SCV x2  
  141  8:56  Supply Depot  
  135  9:09  Marine x2  
  139  9:10  Marauder x2  
  139  9:11  Marauder  
  139  9:15  Starport Tech Lab  
  143  9:17  Marine x2  
  143  9:19  Fusion Core  
  137  9:27  Marine x2  
  127  9:31  Marauder  
  127  9:32  Liberator, Marauder  
  127  9:38  Planetary Fortress  
  126  9:40  Marine  
  126  9:41  Marauder, Marine  
  126  9:44  Marine  
  126  9:45  Marine  
  128  9:49  Medivac x2  
  137  9:52  Marauder  
  137  9:53  Marauder  
  137  9:58  Marine x2  
  137  9:59  Barracks  
  141  10:01  Barracks x2  
  141  10:02  Marine x2  
  141  10:03  Marauder  
  145  10:08  Liberator  
  145  10:13  Marine  
  146  10:14  Marauder  
  146  10:15  Liberator  
  146  10:16  Marine x2  
  146  10:17  Supply Depot  
  146  10:18  Refinery, Widow Mine x2  
  146  10:19  Refinery, Medivac  
  146  10:20  Marine x2  
  158  10:24  Marauder  
  163  10:30  Advanced Ballistics  
  163  10:32  Liberator, Marauder  
  168  10:36  Marauder  
  168  10:37  Marine x2  
  168  10:38  Marine  
  173  10:43  Marine  
  173  10:45  Marauder  
  173  10:47  Widow Mine x2  
  183  10:52  Ghost Academy  
  183  10:53  Marauder  
  183  10:54  Barracks Reactor, Barracks Tech Lab x2  
  183  10:55  Marine x2  
  187  10:59  Marine  
  188  11:11  Marine  
  188  11:25  Supply Depot  
  188  11:26  Supply Depot x2  
  188  11:27  Ghost, Marine x2  
  188  11:28  Supply Depot, Ghost  
  188  11:46  Ghost  
  188  11:47  Ghost x2, Marine x6  
  196  11:57  Marauder x2  
  177  12:09  Marine x2  
  177  12:12  Marine x2  
  147  12:16  Marauder x3  
  139  12:25  Marine  
  139  12:26  Marine x2  
  139  12:31  Marine x3  
  139  12:32  Marauder, Liberator x2  
  144  12:37  Marauder x2  
  148  12:46  Ghost x2  
  148  12:47  Marine x2  
  148  12:50  Command Center  
  160  12:53  Marauder  
  160  12:58  Ghost x2, Terran Infantry Weapons Level 2  
  162  12:59  Terran Infantry Armor Level 2  
  166  13:12  Marine x3  
  164  13:13  Marine  
  164  13:15  Marine x3, Marauder  
  164  13:16  Marauder  
  173  13:27  Marine x2  
  173  13:29  Marine x2  
  173  13:34  Marauder  
  179  13:36  Marauder  
  179  13:39  Ghost  
  179  13:44  Ghost  
  179  13:47  Marine x2  
  179  13:48  Marauder  
  185  13:55  Marauder  
  187  14:04  Marine x2  
  187  14:05  Marauder  
  191  14:11  Marine x2  
  191  14:12  Marauder  
  191  14:13  Marine x2  
  191  14:14  Marauder  
  199  14:17  Marine  
  200  14:30  Marine  
  199  14:36  Marine  
  184  14:52  Ghost x5  
  188  14:53  Marine x2  
  196  15:08  Marine x2  
  196  15:09  Marine  
  196  15:10  Marine  
  198  15:20  Ghost  
  184  15:21  Marauder x2  
  184  15:26  Marine x2  
  157  15:36  Marine x3  
  157  15:37  Marine x2  
  162  15:43  Marauder x2  
  162  15:44  Marine  
  162  15:45  Marine  
  168  15:50  Marauder  
  168  15:54  Marine x3  
  168  15:55  Marine x2  
  156  16:04  Marine x2, Marauder x2  
  162  16:11  Marauder  
  162  16:12  Marine x4  
  164  16:25  Marauder  
  149  16:34  Marine x2  
  149  16:35  Marauder  
  110  16:48  Marine x3  
  110  16:49  Medivac, Marauder x2  
  110  16:50  Medivac  
  119  16:56  Refinery, Marauder  
  119  16:57  Refinery  
  119  16:59  Marine x2  
  120  17:13  Marine x2  
  96  17:16  Marine  
  96  17:17  Marauder, Ghost, Marine  
  96  17:18  Marauder  
  104  17:23  Medivac x2  
  104  17:27  Marine x2  
  82  17:45  Marine x2  
  82  17:46  Marauder  
  83  17:53  Marauder x2  
  87  18:07  Marauder  
  89  18:14  Marauder x2  
  89  18:19  Marine  
  94  18:20  Marine  
  94  18:23  Barracks Tech Lab  
  94  18:26  Orbital Command  
  95  18:28  Marauder  
  95  18:30  Liberator  
  97  18:35  Marauder  
  97  18:36  Marauder  
  97  18:40  Marine x2  
  103  18:46  Marine x3  
  103  18:47  Marauder  
  111  18:50  Marauder  
  113  18:57  Marauder x2  
  87  19:12  Marine  
  87  19:13  Marauder x2, Marine x3  
  92  19:18  Marauder  
Show
View Real Time Build Order
Export as new Build Order

Apocalypse Protoss - Winner!

Build Orders: 1 Gate Expand 

Get SALT Encoding   

  12  0:01  Probe (Chrono Boost)  
  13  0:11  Probe (Chrono Boost)  
  14  0:18  Pylon  
  14  0:22  Probe (Chrono Boost)  
  15  0:36  Probe (Chrono Boost)  
  15  0:38  Gateway  
  16  0:46  Assimilator  
  16  0:47  Probe (Chrono Boost)  
  17  0:57  Probe (Chrono Boost)  
  18  1:08  Probe (Chrono Boost)  
  19  1:18  Probe (Chrono Boost)  
  20  1:29  Probe (Chrono Boost)  
  20  1:30  Nexus  
  21  1:37  Cybernetics Core  
  21  1:41  Probe (Chrono Boost)  
  22  1:48  Pylon  
  22  1:51  Probe (Chrono Boost)  
  23  1:56  Assimilator  
  23  2:06  Probe (Chrono Boost)  
  24  2:13  Adept  
  24  2:14  Warp Gate  
  26  2:17  Mothership Core (Chrono Boost)  
  28  2:24  Forge  
  28  2:35  Probe (Chrono Boost)  
  29  2:42  Probe (Chrono Boost)  
  29  2:43  Adept  
  32  2:49  Probe (Chrono Boost)  
  33  2:52  Probe (Chrono Boost)  
  34  2:59  Protoss Ground Armor Level 1 (Chrono Boost)  
  34  3:00  Probe  
  34  3:01  Probe  
  36  3:10  Adept  
  36  3:12  Probe  
  39  3:14  Probe  
  39  3:16  Robotics Facility  
  40  3:24  Probe  
  40  3:25  Probe  
  42  3:35  Probe  
  42  3:36  Probe  
  42  3:37  Adept  
  42  3:38  Pylon  
  46  3:54  Probe  
  46  3:56  Probe, Gateway  
  46  3:59  Gateway  
  46  4:01  Twilight Council  
  48  4:05  Probe  
  48  4:06  Pylon  
  48  4:08  Probe  
  48  4:09  Assimilator  
  50  4:12  Pylon  
  50  4:15  Probe  
  50  4:16  Warp Prism  
  53  4:20  Probe  
  54  4:26  Probe  
  54  4:27  Assimilator  
  54  4:28  Protoss Ground Armor Level 2 (Chrono Boost)  
  55  4:32  Probe  
  55  4:36  Sentry  
  55  4:38  Probe  
  59  4:42  Resonating Glaives (Chrono Boost)  
  59  4:51  Probe x2  
  59  4:52  Observer  
  62  4:58  Sentry  
  64  5:00  Adept x2  
  68  5:09  Probe  
  68  5:12  Probe  
  70  5:15  Nexus, Pylon  
  70  5:33  Probe x2, Immortal  
  70  5:35  Pylon  
  76  5:40  Sentry  
  78  5:52  Probe x2  
  78  5:54  Stalker x2  
  82  6:04  Probe x2  
  84  6:10  Stalker  
  86  6:13  Immortal  
  86  6:16  Probe  
  86  6:17  Probe  
  84  6:21  Sentry, Blink (Chrono Boost)  
  84  6:22  Protoss Ground Armor Level 3  
  86  6:25  Assimilator  
  86  6:28  Probe, Gateway x2  
  86  6:29  Probe  
  86  6:30  Probe, Assimilator  
  89  6:34  Sentry x2  
  89  6:39  Probe  
  93  6:40  Probe  
  93  6:42  Probe  
  96  6:52  Probe  
  91  6:59  Stalker x2  
  91  7:00  Stalker  
  91  7:01  Probe x2  
  95  7:09  Immortal  
  95  7:11  Probe x2  
  101  7:18  Pylon  
  101  7:20  Pylon  
  101  7:24  Pylon  
  101  7:36  Probe x2, Photon Cannon  
  103  7:39  Sentry x3  
  103  7:40  Sentry  
  103  7:41  Nexus  
  111  7:44  Pylon  
  111  7:46  Pylon  
  105  8:06  Probe x2  
  105  8:08  Probe  
  105  8:09  Pylon  
  105  8:11  Pylon  
  105  8:12  Immortal  
  112  8:16  Gateway  
  112  8:18  Probe  
  112  8:19  Gateway, Photon Cannon  
  113  8:24  Gateway, Photon Cannon  
  113  8:25  Adept x4  
  113  8:26  Adept  
  123  8:29  Gateway  
  123  8:30  Pylon  
  123  8:31  Gateway  
  123  8:34  Templar Archives  
  123  8:46  Adept x4, Protoss Ground Weapons Level 1  
  123  8:47  Adept  
  133  8:51  Warp Prism  
  135  9:05  Assimilator  
  135  9:07  Probe, Photon Cannon x2  
  135  9:09  Probe x2  
  138  9:10  Assimilator  
  138  9:12  Stalker x3  
  138  9:15  Probe  
  144  9:18  Probe  
  139  9:47  Gateway  
  139  9:50  Gateway  
  139  9:51  Gateway  
  139  9:52  Pylon  
  139  9:54  Stalker, Pylon  
  139  9:55  Stalker, Psionic Storm  
  139  9:56  Stalker x4  
  151  10:02  Immortal  
  155  10:12  Forge  
  155  10:14  Photon Cannon  
  155  10:23  High Templar x6  
  155  10:24  High Templar x2  
  155  10:26  Zealot  
  155  10:27  Zealot, Charge (Chrono Boost)  
  175  10:41  Pylon  
  175  10:42  Pylon  
  175  10:49  Protoss Ground Weapons Level 2 (Chrono Boost)  
  175  10:50  Protoss Shields Level 1 (Chrono Boost)  
  175  10:54  Immortal  
  179  10:59  Robotics Bay  
  179  11:00  Zealot  
  179  11:01  Zealot x7  
  195  11:23  Nexus  
  195  11:27  Pylon  
  195  11:29  Pylon  
  152  12:10  Archon  
  126  12:19  Zealot x8  
  126  12:20  Zealot x5  
  116  12:34  Probe  
  117  12:43  Adept x3  
  117  12:44  Stalker x3, Adept x5  
  133  12:45  Stalker x2  
  143  12:52  Protoss Ground Weapons Level 3 (Chrono Boost), Protoss Shields Level 2 (Chrono Boost)  
  147  13:05  Disruptor  
  141  13:06  Gravitic Drive  
  142  13:14  High Templar x2  
  142  13:15  High Templar x6  
  142  13:17  Nexus, Pylon  
  142  13:18  Archon x2  
  142  13:19  Pylon, Archon x2  
  158  13:20  High Templar x2  
  158  13:21  High Templar  
  158  13:22  High Templar  
  158  13:23  High Templar  
  168  13:28  Probe  
  168  13:29  Probe  
  166  13:42  Observer  
  166  13:46  Assimilator  
  167  14:02  Disruptor  
  168  14:11  Zealot  
  168  14:12  Zealot  
  168  14:13  Zealot x11  
  194  14:27  Archon  
  194  14:35  High Templar x3  
  162  15:34  Zealot  
  162  15:35  Zealot x12  
  176  15:39  Disruptor  
  179  15:43  Protoss Shields Level 3 (Chrono Boost)  
  159  16:07  Adept, Zealot  
  159  16:08  Adept x8  
  159  16:09  Stalker x3  
  185  16:14  Disruptor  
  172  16:29  Archon x2  
  121  16:41  Archon  
  111  16:50  Adept x10  
  111  16:51  Adept x3  
  137  17:08  Nexus  
  129  17:11  Pylon  
  107  17:20  Zealot  
  107  17:21  Zealot x12  
  115  17:43  Adept  
  115  17:44  Adept x6  
  115  17:46  High Templar x4  
  115  17:47  High Templar x2  
  133  17:53  Probe x2  
  133  17:54  Probe  
  136  18:02  Nexus  
  136  18:03  Pylon  
  136  18:04  Pylon, High Templar x4  
  144  18:05  High Templar  
  144  18:06  High Templar  
  144  18:07  Observer  
  149  18:15  Archon x3  
  149  18:17  High Templar  
  149  18:18  High Templar  
  153  18:20  Zealot x3  
  159  18:28  Disruptor  
  162  18:40  Archon x2  
  158  18:44  High Templar x2  
  158  18:45  Zealot  
  158  18:46  Zealot x5  
  174  18:55  Assimilator  
  160  19:06  Zealot x5  
  154  19:21  Stalker x3  
  160  19:30  High Templar x2  
Tags
 
Add a new tag
Caveats
  • Supply blocks, unpowered buildings, or Contaminate may cause inaccurate times.
  • Supply counts are checked every 10 seconds.